 Dungeon Crawl Stone Soup version 0.25-a0-302-g9f758675c1 (console) character file.

Game seed: 10829418713752225676, levelgen mode: deterministic

336 Kagalorn the Magician (level 6, 0/44 HPs)
             Began as a Gnoll Wizard on Dec 20, 2019.
             Killed from afar by an orc wizard (3 damage)
             ... with a magic dart
             ... on level 4 of the Dungeon.
             The game lasted 00:08:45 (2980 turns).

Kagalorn the Magician (Gnoll Wizard)                Turns: 2980, Time: 00:08:46

Health: 0/44       AC:  5    Str:  9    XL:     6   Next: 54%
Magic:  0/16       EV: 13    Int: 23    God:
Gold:   53         SH:  0    Dex: 13    Spells: 10/19 levels left

rFire    . . .     SeeInvis .   h - +2 short sword (vamp)
rCold    . . .     Gourm    .   (no shield)
rNeg     . . .     Faith    .   a - +0 robe
rPois    .         Spirit   .   f - +0 helmet
rElec    .         Reflect  .   (no cloak)
rCorr    .         Harm     .   k - +1 pair of gloves
MR       .....                  (no boots)
Stlth    ++........             (no amulet)
HPRegen  0.14/turn              (no ring)
MPRegen  0.15/turn              (no ring)

@: very slightly contaminated, heavily drained
A: distributed training, fangs 1, strong nose
a: no special abilities


You were on level 4 of the Dungeon.
You were not hungry.

You visited 1 branch of the dungeon, and saw 4 of its levels.

You collected 53 gold pieces.

Inventory:

Hand Weapons
 h - a +2 vampiric short sword (weapon)
Missiles
 c - 182 stones (quivered)
 s - 19 sling bullets
Armour
 a - a +0 robe (worn)
 f - a +0 helmet (worn)
 k - a +1 pair of gloves (worn)
Scrolls
 e - 3 scrolls of teleportation {unknown}
 j - 6 scrolls of identify {unknown}
 l - 2 scrolls of enchant weapon {unknown}
 m - 2 scrolls of magic mapping {unknown}
 n - a scroll of random uselessness {unknown}
 o - a scroll of blinking {unknown}
 p - 2 scrolls of fear {unknown}
 r - a scroll of enchant armour {unknown}
Potions
 b - 2 potions of heal wounds {unknown}
 g - a potion of brilliance {unknown}
 i - 4 potions of curing {unknown}
 q - 2 potions of lignification {unknown}
 t - 2 potions of might {unknown}
 u - a potion of berserk rage {unknown}
 w - a potion of agility {unknown}
Comestibles
 d - 6 rations
 v - 2 chunks of flesh


   Skills:
 + Level 2.0(0.0) Fighting
 + Level 2.0(0.0) Short Blades
 + Level 2.0(0.0) Long Blades
 + Level 2.0(0.0) Axes
 + Level 2.0(0.0) Maces & Flails
 + Level 2.0(0.0) Polearms
 + Level 2.0(0.0) Staves
 + Level 2.0(0.0) Slings
 + Level 2.0(0.0) Bows
 + Level 2.0(0.0) Crossbows
 + Level 2.0(0.0) Throwing
 + Level 2.0(0.0) Armour
 + Level 5.0(2.8) Dodging
 + Level 4.6(2.4) Stealth
 + Level 2.0(0.0) Shields
 + Level 2.0(0.0) Unarmed Combat
 + Level 7.4(5.1) Spellcasting
 + Level 2.6(0.6) Conjurations
 + Level 1.5(0.0) Hexes
 + Level 1.5(0.0) Charms
 + Level 2.6(0.6) Summonings
 + Level 1.5(0.0) Necromancy
 + Level 2.6(0.6) Translocations
 + Level 1.5(0.0) Transmutations
 + Level 1.5(0.0) Fire Magic
 + Level 1.5(0.0) Ice Magic
 + Level 1.5(0.0) Air Magic
 + Level 1.5(0.0) Earth Magic
 + Level 1.5(0.0) Poison Magic
 + Level 2.1(0.1) Invocations
 + Level 2.0(0.0) Evocations


You had 10 spell levels left.
You knew the following spells:

 Your Spells              Type           Power        Failure   Level  Hunger
a - Magic Dart            Conj           #...         8%          1    None
c - Conjure Flame         Conj/Fire      #.......     24%         3    ##.....
e - Mephitic Cloud        Conj/Pois/Air  #.......     26%         3    ##.....
g - Blink                 Tloc           N/A          11%         2    None

Your spell library contained the following spells:

 Spells                   Type           Power        Failure   Level  Hunger
 Call Imp                 Summ           #.......     11%         2    None
 Slow                     Hex            #.......     14%         2    None


Dungeon Overview and Level Annotations

Branches:
Dungeon (4/15)
 Temple: D:4-7

Altars:
Hepliaklqana


Innate Abilities, Weirdness & Mutations

Your experience applies equally to all skills.
You have very sharp teeth.
Your uncanny sense of smell can sniff out nearby items.


Message History

Your base Evocations skill increases to level 2!
The orc wizard casts a spell.
The orc wizard seems to speed up.
You close the door.
An orc wizard opens the door.
Casting: Magic Dart (safe; 8% risk of failure)
Confirm with . or Enter, or press ? or * to list all spells.
Aiming: Magic Dart (safe; 8% risk of failure)
Press: ? - help, Shift-Dir - straight line, f - orc wizard
Aim: an orc wizard, wielding a +0 dagger and wearing a +0 robe (heavily wounded, fast)
The magic dart hits the orc wizard.
The orc wizard is severely wounded.
You hit the orc wizard.
The orc wizard is almost dead.
The orc wizard gestures at you while chanting.
The magic dart hits you.
* * * LOW HITPOINT WARNING * * *
The orc wizard gestures at you while chanting.
The magic dart hits you.
You die...

## ##...# ... #####
#...# ....#...#
####...### ....#...#
......>....
........#
###########
........# #........
........# #.#######
........##########.#
........o@.........#
........############
####....# .......# .
....#### ∆ .. #....
.. #.... .. .. .


You could see an orc wizard.

Vanquished Creatures
  A necrophage (D:3)
  A centaur skeleton (D:4)
  Terence (D:3)
  An orc wizard (D:4)
  A worker ant (D:2)
  Robin (D:4)
  5 adders
  2 oozes
  3 worms
  A dart slug (D:1)
  2 orcs (D:4)
  2 ball pythons (D:2)
  4 giant cockroaches
  7 hobgoblins
  3 jackals (D:1)
  8 kobolds
  2 quokkas (D:2)
  7 bats
  8 frilled lizards
  19 goblins
  8 rats
87 creatures vanquished.

Notes
Turn   | Place    | Note
-------+----------+-------------------------------------------
     0 | D:1      | Kagalorn the Gnoll Wizard began the quest for the Orb.
     0 | D:1      | Reached XP level 1. HP: 13/13 MP: 8/8
   195 | D:1      | Reached XP level 2. HP: 19/19 MP: 7/10
   354 | D:1      | Reached XP level 3. HP: 19/25 MP: 4/11
   984 | D:2      | Reached skill level 1 in Fighting
   984 | D:2      | Reached skill level 1 in Short Blades
   984 | D:2      | Reached skill level 1 in Long Blades
   984 | D:2      | Reached skill level 1 in Axes
   984 | D:2      | Reached skill level 1 in Maces & Flails
   984 | D:2      | Reached skill level 1 in Polearms
   984 | D:2      | Reached skill level 1 in Staves
   984 | D:2      | Reached skill level 1 in Slings
   984 | D:2      | Reached skill level 1 in Bows
   984 | D:2      | Reached skill level 1 in Crossbows
   984 | D:2      | Reached skill level 1 in Throwing
   984 | D:2      | Reached skill level 1 in Armour
   984 | D:2      | Reached skill level 1 in Shields
   984 | D:2      | Reached skill level 1 in Unarmed Combat
   984 | D:2      | Reached skill level 1 in Invocations
   984 | D:2      | Reached skill level 1 in Evocations
   984 | D:2      | Reached XP level 4. HP: 16/32 MP: 7/13
   988 | D:2      | Learned a level 2 spell: Blink
   992 | D:2      | Learned a level 3 spell: Conjure Flame
   996 | D:2      | Learned a level 3 spell: Mephitic Cloud
  1123 | D:2      | Found a hazy altar of Hepliaklqana.
  1239 | D:2      | Reached skill level 1 in Hexes
  1239 | D:2      | Reached skill level 1 in Charms
  1239 | D:2      | Reached skill level 1 in Necromancy
  1239 | D:2      | Reached skill level 1 in Transmutations
  1239 | D:2      | Reached skill level 1 in Fire Magic
  1239 | D:2      | Reached skill level 1 in Ice Magic
  1239 | D:2      | Reached skill level 1 in Air Magic
  1239 | D:2      | Reached skill level 1 in Earth Magic
  1239 | D:2      | Reached skill level 1 in Poison Magic
  1678 | D:3      | Noticed Terence
  1693 | D:3      | Killed Terence
  1693 | D:3      | Reached XP level 5. HP: 37/37 MP: 1/14
  1831 | D:3      | Noticed a necrophage
  1851 | D:3      | Killed a necrophage
  2004 | D:3      | Reached XP level 6. HP: 44/44 MP: 12/16
  2800 | D:4      | Noticed Robin
  2808 | D:4      | Killed Robin
  2974 | D:4      | Reached skill level 5 in Dodging
  2980 | D:4      | Killed from afar by an orc wizard

Levels and vault maps discovered:
D:1:      dpeg_arrival_circle_labyrinth_c, layout_basic, minmay_unequal
D:2:      layout_basic, overflow_temple_1_default
D:3:      cheibrodos_old_hovel, layout_basic, uniq_terence
D:4:      layout_basic, nicolae_ossuary_entry_plus, uniq_robin

Skill      XL: |  1  2  3  4  5  6 |
---------------+-------------------+-----
Conjurations   | 2 |  2.6
Summonings     | 2 |  2.6
Translocations | 2 |  2.6
Fighting       | 1 2 |  2.0
Short Blades   | 1 2 |  2.0
Long Blades    | 1 2 |  2.0
Axes           | 1 2 |  2.0
Maces & Flails | 1 2 |  2.0
Polearms       | 1 2 |  2.0
Staves         | 1 2 |  2.0
Slings         | 1 2 |  2.0
Bows           | 1 2 |  2.0
Crossbows      | 1 2 |  2.0
Throwing       | 1 2 |  2.0
Armour         | 1 2 |  2.0
Shields        | 1 2 |  2.0
Unarmed Combat | 1 2 |  2.0
Invocations    | 1 2 |  2.1
Evocations     | 1 2 |  2.0
Hexes          | 1 |  1.5
Charms         | 1 |  1.5
Necromancy     | 1 |  1.5
Transmutations | 1 |  1.5
Fire Magic     | 1 |  1.5
Ice Magic      | 1 |  1.5
Air Magic      | 1 |  1.5
Earth Magic    | 1 |  1.5
Poison Magic   | 1 |  1.5
Dodging        | 5 |  5.0
Stealth        | |  4.6
Spellcasting   | |  7.4

Action                   |  1- 3 |  4- 6 || total
-------------------------+-------+-------++-------
Melee: Short sword       |    21 |    30 ||    51
       Bite              |     1 |     5 ||     6
 Cast: Magic Dart        |    53 |   144 ||   197
       Conjure Flame     |       |     3 ||     3
  Eat: Chunk             |       |     6 ||     6
Armor: Robe              |     6 |    16 ||    22
Dodge: Dodged            |    29 |    31 ||    60

Table legend:
 A = Non-vault XP
 B = Vault XP
 C = Vault XP percentage of total XP
 D = Non-vault monster count
 E = Vault monster count
 F = Vault count percentage of total count
                 A         B        C        D         E       F
            +---------+---------+-------+---------+---------+-------
      Total |     413 |      67 |  14.0 |      75 |      12 |  13.8
            +---------+---------+-------+---------+---------+-------
        D:1 |      38 |       4 |   9.5 |      23 |       3 |  11.5
        D:2 |     108 |       0 |   0.0 |      28 |       0 |   0.0
        D:3 |     198 |      37 |  15.7 |      19 |       2 |   9.5
        D:4 |      69 |      26 |  27.4 |       5 |       7 |  58.3
            +---------+---------+-------+---------+---------+-------
